Map: Thunderbird LE

Players

LiquidSnute (Snute)

  • Race: Zerg Zerg
  • League: Grandmaster
  • Spawn Location: 5:00

Lambo - Winner!

  • Race: Zerg Zerg
  • League: Grandmaster
  • Spawn Location: 11:00

Event: HomeStory Cup XIX

VOD

Have the link to the VOD?

Description

Time

  • Played on: June 27, 2019, 9:43 a.m.
  • Length: 9:46

All games in this series

Show
View Real Time Build Order
Export as new Build Order

LiquidSnute Zerg 

Build Orders: Hatch First, Zergling Baneling 

Get SALT Encoding   

  12  0:00  Drone  
  13  0:12  Overlord  
  13  0:16  Drone  
  14  0:30  Drone x2  
  14  0:34  Drone  
  17  0:51  Hatchery  
  17  0:54  Drone  
  17  0:57  Drone  
  17  1:03  Extractor  
  17  1:12  Spawning Pool  
  17  1:16  Drone  
  17  1:18  Drone  
  18  1:27  Drone  
  19  1:37  Overlord  
  19  1:48  Drone  
  20  1:59  Drone, Queen  
  23  2:03  Queen  
  23  2:04  Metabolic Boost  
  23  2:05  Drone  
  26  2:10  Drone  
  26  2:14  Drone  
  28  2:21  Drone  
  29  2:25  Drone  
  30  2:31  Drone  
  30  2:36  Drone  
  32  2:40  Hatchery  
  32  2:43  Queen  
  33  2:48  Overlord  
  33  2:51  Drone  
  34  2:53  Drone  
  34  2:57  Drone  
  36  3:06  Drone x4  
  40  3:14  Zergling x6  
  40  3:15  Zergling x2, Baneling Nest  
  40  3:17  Drone  
  44  3:22  Overlord  
  44  3:32  Extractor, Overlord  
  44  3:33  Drone  
  48  3:41  Zergling x8  
  48  3:50  Zergling x4  
  48  3:53  Zergling x8  
  54  4:00  Evolution Chamber  
  54  4:02  Baneling x3  
  53  4:03  Baneling x3  
  53  4:06  Drone x3  
  53  4:09  Drone  
  56  4:13  Drone  
  56  4:15  Extractor  
  56  4:16  Baneling x4  
  56  4:18  Drone x2  
  56  4:19  Drone x2  
  60  4:24  Drone  
  60  4:25  Drone x2  
  60  4:29  Drone  
  60  4:30  Baneling  
  58  4:38  Baneling  
  58  4:41  Drone x8  
  61  4:47  Zerg Missile Weapons Level 1  
  60  4:53  Zergling x6  
  60  4:57  Extractor  
  60  4:58  Extractor  
  60  4:59  Zergling x2  
  61  5:02  Drone  
  61  5:03  Drone  
  61  5:04  Roach Warren  
  61  5:05  Lair, Evolution Chamber  
  61  5:11  Baneling x2  
  61  5:12  Baneling x2  
  61  5:18  Evolution Chamber  
  61  5:19  Evolution Chamber  
  62  5:21  Drone x7  
  62  5:25  Zergling x2  
  66  5:28  Zergling x2  
  66  5:31  Drone  
  66  5:32  Queen  
  65  5:41  Overlord  
  66  5:44  Overlord  
  66  5:49  Overlord  
  66  5:53  Overlord  
  66  5:55  Extractor  
  65  5:58  Hatchery, Overlord  
  65  6:01  Drone x9  
  72  6:18  Glial Reconstitution, Roach x7  
  85  6:20  Zerg Ground Armor Level 1  
  85  6:22  Overlord  
  85  6:27  Roach x2  
  85  6:28  Roach  
  85  6:32  Roach x2  
  95  6:34  Pneumatized Carapace  
  95  6:38  Overlord x2  
  95  6:42  Ravager x6  
  101  6:52  Drone  
  102  6:56  Drone x3  
  102  7:00  Overlord  
  105  7:05  Overlord  
  105  7:06  Drone x3  
  105  7:08  Roach x6  
  120  7:09  Queen  
  120  7:11  Zerg Missile Weapons Level 2  
  120  7:13  Roach  
  124  7:18  Roach  
  126  7:24  Roach x6  
  126  7:29  Drone, Spore Crawler  
  138  7:30  Roach x2  
  138  7:31  Spore Crawler  
  138  7:32  Overlord  
  138  7:34  Overlord  
  141  7:38  Roach  
  141  7:39  Overseer  
  143  7:48  Overlord x2  
  143  7:49  Overlord x3  
  143  7:52  Roach x3  
  143  7:53  Roach  
  143  7:58  Overlord  
  151  7:59  Roach x3  
  151  8:05  Roach  
  159  8:09  Roach x6  
  179  8:20  Roach x7  
  179  8:21  Roach  
  179  8:22  Ravager x2  
  179  8:23  Ravager  
  190  8:28  Roach x3  
  190  8:34  Roach  
  198  8:38  Ravager  
  186  8:51  Roach x12  
  142  9:03  Roach x2  
  142  9:04  Roach x2  
  129  9:11  Roach  
  129  9:13  Roach x3  
  129  9:16  Roach x3  
  122  9:19  Roach  
  122  9:21  Ravager x2  
  122  9:22  Ravager x2  
  126  9:25  Extractor  
  126  9:27  Roach x3  
Show
View Real Time Build Order
Export as new Build Order

Lambo Zerg - Winner!

Build Orders: Hatch First 

Get SALT Encoding   

  12  0:00  Drone  
  13  0:14  Overlord  
  13  0:16  Drone  
  14  0:32  Drone x2  
  16  0:49  Hatchery  
  15  0:51  Drone  
  15  0:54  Drone  
  17  0:59  Drone  
  18  1:09  Extractor  
  17  1:13  Spawning Pool  
  17  1:16  Drone  
  17  1:19  Drone  
  18  1:30  Drone  
  19  1:40  Drone  
  20  1:52  Drone  
  21  2:00  Drone, Queen x2  
  26  2:02  Overlord  
  26  2:09  Metabolic Boost  
  26  2:11  Drone  
  26  2:12  Drone  
  28  2:23  Zergling x2  
  28  2:24  Drone  
  30  2:33  Drone  
  30  2:34  Drone  
  32  2:37  Hatchery  
  32  2:43  Drone  
  32  2:47  Drone  
  32  2:48  Baneling Nest  
  32  2:55  Overlord  
  32  2:59  Zergling x2  
  33  3:07  Zergling x2, Drone  
  33  3:10  Drone  
  36  3:14  Drone x3, Evolution Chamber  
  36  3:15  Zergling x4  
  40  3:20  Overlord  
  40  3:26  Queen  
  42  3:27  Drone  
  42  3:32  Drone  
  44  3:36  Baneling x2  
  44  3:40  Drone x3  
  47  3:45  Zergling x6  
  47  3:46  Drone  
  47  3:47  Drone  
  51  3:51  Drone, Zerg Missile Weapons Level 1  
  51  3:54  Drone  
  53  3:57  Overlord  
  53  4:04  Drone x2  
  53  4:08  Drone x2  
  53  4:09  Baneling x2  
  57  4:14  Overlord  
  57  4:15  Queen  
  59  4:18  Zergling x8  
  59  4:23  Baneling  
  63  4:24  Roach Warren  
  63  4:27  Queen  
  62  4:32  Baneling  
  62  4:35  Zergling x12  
  64  4:42  Baneling  
  64  4:45  Zergling x12  
  68  4:49  Drone x4  
  68  4:52  Drone  
  71  4:58  Extractor  
  71  4:59  Drone x4, Extractor  
  70  5:04  Overlord  
  70  5:11  Overlord  
  70  5:12  Drone x2  
  72  5:21  Drone  
  73  5:22  Drone x2  
  73  5:26  Drone x3  
  73  5:28  Lair  
  76  5:31  Roach x3  
  73  5:36  Roach x2  
  73  5:38  Drone x4  
  83  5:43  Extractor  
  83  5:44  Drone, Extractor  
  83  5:46  Pneumatized Carapace  
  83  5:47  Drone x2  
  81  5:50  Extractor  
  81  5:54  Roach  
  81  5:56  Roach x2  
  86  6:00  Drone x3  
  86  6:01  Hatchery  
  88  6:06  Drone x2  
  90  6:16  Evolution Chamber  
  90  6:17  Drone  
  90  6:18  Overlord  
  90  6:20  Overlord  
  90  6:21  Overlord  
  90  6:22  Overlord  
  90  6:27  Glial Reconstitution  
  90  6:28  Zerg Missile Weapons Level 2  
  90  6:29  Overseer  
  90  6:30  Overseer  
  90  6:35  Overlord  
  90  6:38  Drone x3  
  90  6:39  Roach x3  
  103  6:40  Roach x2  
  103  6:44  Zerg Ground Armor Level 1  
  103  6:46  Roach  
  105  6:50  Roach  
  105  6:51  Roach x2, Overlord  
  111  6:55  Drone x3  
  111  6:56  Drone x2  
  116  7:03  Overlord  
  116  7:04  Roach x4  
  124  7:11  Overlord  
  124  7:16  Roach x2  
  124  7:17  Roach x3  
  124  7:20  Extractor  
  124  7:21  Overlord  
  124  7:22  Roach x3  
  139  7:23  Ravager x2  
  139  7:26  Roach  
  139  7:27  Roach x2  
  139  7:28  Overlord  
  147  7:35  Roach  
  147  7:36  Roach x3  
  155  7:41  Roach x4  
  155  7:43  Ravager  
  164  7:46  Overlord  
  164  7:47  Roach x2  
  164  7:50  Roach  
  164  7:51  Roach x2  
  174  7:52  Ravager  
  174  7:55  Overlord  
  174  7:56  Overlord  
  175  8:05  Roach x4  
  183  8:07  Ravager  
  184  8:17  Ravager, Overlord  
  184  8:18  Roach x7  
  183  8:49  Roach x7  
  183  8:52  Roach x8  
  191  8:56  Roach x4  
  191  8:59  Roach  
  183  9:04  Roach x3  
  183  9:08  Roach x6  
  183  9:12  Roach  
  183  9:13  Roach  
  183  9:14  Roach x3  
  190  9:17  Roach x2  
  190  9:20  Roach  
  190  9:25  Ravager  
  190  9:26  Ravager, Roach  
  190  9:30  Ravager  
Tags
 
Add a new tag
Caveats
  • Supply blocks, unpowered buildings, or Contaminate may cause inaccurate times.
  • Supply counts are checked every 10 seconds.